 Dungeon Crawl Stone Soup version 0.30-a0-630-g881e3bac89 (webtiles) character file.

Game seed: 960295347981847933

456 Citaku the Covered (level 6, -1/56 HPs)
             Began as a Minotaur Fighter on Jan 13, 2023.
             Slain by a black bear (10 damage)
             ... on level 4 of the Dungeon.
             The game lasted 00:04:01 (2043 turns).

Citaku the Covered (Minotaur Fighter)               Turns: 2043, Time: 00:04:02

Health: -1/56      AC: 13    Str: 23    XL:     6   Next: 77%
Magic:  5/5        EV:  9    Int:  5    God:
Gold:   202        SH:  4    Dex:  9    Spells: 5/5 levels left

rFire   . . .      SeeInvis .    a - +0 war axe
rCold   + . .      Faith    .    c - +0 buckler
rNeg    . . .      Spirit   .    b - +0 scale mail
rPois   .          Reflect  .    (helmet restricted)
rElec   .          Harm     .    m - +0 cloak
rCorr   .          Rampage  .    (no gloves)
Will    .....                    (no boots) Stlth
                                 (no amulet)
HPRegen 0.29/turn                f - +4 ring of protection
MPRegen 0.09/turn                q - ring of protection from cold

@: lethally poisoned (-1 -> -7)
A: horns 2, retaliatory headbutt
a: no special abilities


You were on level 4 of the Dungeon.
You visited 1 branch of the dungeon, and saw 4 of its levels.

You collected 202 gold pieces.

Inventory:

Hand Weapons
 a - a +0 war axe (weapon)
Armour
 b - a +0 scale mail (worn)
 c - a +0 buckler (worn)
 m - a +0 cloak (worn)
Jewellery
 f - a +4 ring of protection (left hand)
 q - a ring of protection from cold (right hand)
Scrolls
 d - 2 scrolls of vulnerability {unknown}
 e - 5 scrolls of teleportation {unknown}
 h - a scroll of silence {unknown}
 i - a scroll of enchant weapon {unknown}
 k - a scroll of noise {unknown}
 p - 3 scrolls of identify {unknown}
 r - a scroll of fear {unknown}
 s - a scroll of blinking {unknown}
 t - a scroll of enchant armour {unknown}
Potions
 g - 2 potions of flight {unknown}
 j - 3 potions of haste {unknown}
 l - a potion of lignification {unknown}
 n - a potion of invisibility {unknown}
 o - a potion of curing {unknown}
 u - a potion of ambrosia {unknown}


   Skills:
 + Level 5.2 Fighting
 * Level 5.8 Axes
 * Level 6.5 Armour
 - Level 3.6 Shields


You had 5 spell levels left.
You didn't know any spells.
Your spell library contained the following spells:

 Spells                   Type           Power      Damage    Failure   Level
 Dazzling Flash           Conj/Hex       0%         N/A       99%         3
 Iskenderun's Mystic Bla  Conj/Tloc      0%         2d3       100%        4
 Summon Ice Beast         Ice/Summ       0%         N/A       100%        4
 Summon Mana Viper        Hex/Summ       0%         N/A       100%        5
 Starburst                Conj/Fire      0%         6d3       100%        6
 Monstrous Menagerie      Summ           0%         N/A       100%        7


Dungeon Overview and Level Annotations

Branches:
Dungeon (4/15)
 Temple: D:4-7

Altars:
Dithmenos
Nemelex Xobeh
Okawaru
Wu Jian


Innate Abilities, Weirdness & Mutations

You have a pair of horns on your head.
You reflexively headbutt those who attack you in melee.


Message History

You kill the hobgoblin!
You closely miss the black bear.
Edmund hits you with a +1 flail of draining!
You feel drained.
The black bear bites you but does no damage.
The black bear claws you but does no damage.
The black bear completely misses you. Edmund hits you but does no damage.
You feel drained. The kobold hits you but does no damage.
You are poisoned.
The black bear bites you but does no damage.
The black bear claws you but does no damage.
You block the black bear's attack.
You slash Edmund!
You kill Edmund!
You closely miss the black bear. You closely miss the kobold.
You feel very sick.
The kobold hits you with a +2 short sword of venom.
* * * LOW HITPOINT WARNING * * *
The black bear bites you.
* * * LOW HITPOINT WARNING * * *
The black bear claws you but does no damage. x2
Your life force feels restored.
You barely miss the kobold. You closely miss the black bear.
You feel sick.
The black bear bites you but does no damage.
The black bear barely misses you. You block the black bear's attack.
The kobold hits you but does no damage.
You are more poisoned.
You hit the kobold.
You kill the kobold!
You hit the black bear. You hit the dart slug.
* * * LOW HITPOINT WARNING * * *
You feel very sick.
The black bear goes berserk!
An iguana comes into view.
The dart slug launches a dart at you. You block the slug dart.
You feel sick.
The iguana hisses angrily.
The black bear bites you!
You die...

#.# #.####### #.......#
####.#####.#
.....#####'####
.....##.).....# #
......#.⌠...⌠.#######...
......#..)....##w.......
.#..#.'...⌠...'.@.......
....###.......##h.......
.#.## #.⌠...⌠.##........
...# #.......##........
.#.# ####+#########l...
)#... .... .##### ... .#
.. ##


You could see a black bear (berserk), an iguana and a dart slug.

Vanquished Creatures
  Edmund (D:4)
  A scorpion (D:4)
  Crazy Yiuf (D:2)
  2 orc wizards (D:4)
  Natasha (twice) (D:2)
  6 adders
  An ufetubus (D:4)
  A worm (D:3)
  4 dart slugs
  7 orcs
  9 endoplasms
  6 giant cockroaches
  5 goblins
  10 hobgoblins
  2 quokkas
  6 ball pythons
  6 bats
  5 frilled lizards
  10 kobolds
  4 rats
89 creatures vanquished.

Notes
Turn   | Place    | Note
-------+----------+-------------------------------------------
     0 | D:1      | Citaku the Minotaur Fighter began the quest for the Orb.
     0 | D:1      | Reached XP level 1. HP: 19/19 MP: 0/0
    61 | D:1      | Found a faded altar of an unknown god.
   110 | D:1      | Reached XP level 2. HP: 27/27 MP: 1/1
   118 | D:1      | Reached skill level 4 in Armour
   218 | D:1      | Reached XP level 3. HP: 33/33 MP: 2/2
   670 | D:2      | Noticed Natasha
   675 | D:2      | Killed Natasha
   676 | D:2      | Reached XP level 4. HP: 40/40 MP: 3/3
   858 | D:2      | Identified the +1 robe of Orthodoxy {rElec Regen+ Slay+2}
   879 | D:2      | Found a runed translucent door.
   880 | D:2      | Noticed Crazy Yiuf
   957 | D:2      | Killed Crazy Yiuf
   958 | D:2      | Reached skill level 5 in Armour
  1037 | D:2      | Reached XP level 5. HP: 44/47 MP: 4/4
  1151 | D:2      | Noticed Natasha
  1156 | D:2      | Killed Natasha
  1249 | D:3      | Found a shadowy altar of Dithmenos.
  1313 | D:3      | Found a sparkling altar of Nemelex Xobeh.
  1319 | D:3      | Found an ornate altar of the Wu Jian Council.
  1524 | D:3      | Found an iron altar of Okawaru.
  1856 | D:4      | Reached skill level 5 in Axes
  1856 | D:4      | Reached XP level 6. HP: 55/55 MP: 5/5
  1877 | D:4      | Reached skill level 5 in Fighting
  1877 | D:4      | Reached skill level 6 in Armour
  2027 | D:4      | Noticed Edmund
  2040 | D:4      | Killed Edmund
  2043 | D:4      | Slain by a black bear

Illustrated notes

Levels and vault maps discovered:
D:1:      amcnicky_arrival_flooded_fountain, layout_rooms,
          chequers_ecumenical_altar_simple, minmay_hexomino_c4
D:2:      layout_basic, uniq_natasha, uniq_crazy_yiuf_cottage
D:3:      layout_rooms, grunt_dithmenos_smoke_and_mirrors,
          okawaru_metal_pillars_3, mainiacjoe_overflow_catwalk_spiral
D:4:      layout_basic, minmay_temple_entry_slanted, gammafunk_ghost_mausoleum,
          minmay_fountain_box, uniq_edmund

Skill      XL: |  1  2  3  4  5  6 |
---------------+-------------------+-----
Armour         | 4 5 6 |  6.5
Axes           | 3 4 5 |  5.8
Fighting       | 4 5 |  5.2
Shields        | |  3.6

Action                   |  1- 3 |  4- 6 || total
-------------------------+-------+-------++-------
Melee: War axe           |    72 |    96 ||   168
       Headbutt          |     3 |     7 ||    10
  Use: Potion            |       |     1 ||     1
Armor: Scale mail        |    43 |   104 ||   147
Dodge: Dodged            |    38 |    61 ||    99
Block: Buckler           |    22 |    40 ||    62

Table legend: (Time is in decaauts)
 A = Elapsed time spent in this place.
 B = Non-inter-level travel time spent in this place.
 C = Inter-level travel time spent in this place.
 D = Time resting spent in this place.
 E = Time spent auto-exploring this place.
 F = Levels seen in this place.
 G = Mean time per level.
                   A        B        C        D        E       F      G
               +--------+--------+--------+--------+--------+-----+--------+
         Total |   2105 |   2067 |     38 |      0 |   1437 |   4 |  526.2 |
       Dungeon |   2105 |   2067 |     38 |      0 |   1437 |   4 |  526.2 |
               +--------+--------+--------+--------+--------+-----+--------+

Top non-repeatable levels by time:
     D:2: 686 daAuts
     D:1: 608 daAuts
     D:3: 601 daAuts
     D:4: 209 daAuts
